 Dungeon Crawl Stone Soup version 0.27-a0-972-gd1521fd518 (webtiles) character file.

Game seed: 14903231204954726617

25662 robertstho the Carver (level 12, 0/110 HPs)
             Began as a Minotaur Berserker on Apr 13, 2021.
             Was a High Priest of Trog.
             Slain by a two-headed ogre
             ... wielding a +0 giant club
             ... summoned by the player character
              (35 damage)
             ... on level 13 of the Dungeon.
             The game lasted 00:22:04 (14969 turns).

robertstho the Carver (Minotaur Berserker)         Turns: 14969, Time: 00:22:05

Health: 0/110      AC: 23    Str: 27    XL:     12   Next: 91%
Magic:  11/11      EV: 11    Int:  5    God:    Trog [*****.]
Gold:   759        SH:  5    Dex:  9    Spells: 11/11 levels left

rFire    . . .     SeeInvis .   N - +3 triple sword (vorpal)
rCold    . . .     Faith    .   (shield currently unavailable)
rNeg     . . .     Spirit   .   G - +1 chain mail of the Lion {rPois}
rPois    +         Reflect  +   (helmet restricted)
rElec    +         Harm     .   A - +1 cloak
rCorr    .         Rampage  .   O - +0 pair of gloves
Will     .....                  o - +0 pair of boots
Stlth    ..........             D - amulet of reflection
HPRegen  0.28/turn              q - +4 ring of protection
MPRegen  0.12/turn              x - ring "Gauxkuap" {Fly rElec}

@: on berserk cooldown, flying, slowed, very slow
A: horns 2, retaliatory headbutt
a: Renounce Religion, Berserk, Trog's Hand, Brothers in Arms


You were on level 13 of the Dungeon.
You worshipped Trog.
Trog was extremely pleased with you.
You visited 1 branch of the dungeon, and saw 13 of its levels.

You collected 1303 gold pieces.
You spent 544 gold pieces at shops.

Inventory:

Hand Weapons
 c - the +7 flail of Foeqikull {flame, Str+3 Int-5 SInv}
   (You took it off a tengu warrior on level 8 of the Dungeon)

   It has been specially enchanted to burn those struck by it, causing extra
   injury to most foes and up to half again as much damage against particularly
   susceptible opponents.
   It affects your strength (+3).
   It affects your intelligence (-5).
   It lets you see invisible.
 j - the +8 falchion of Exquisite Death {venom, rElec rN+ Will++ Int+4}
   (You found it on level 5 of the Dungeon)

   It poisons the flesh of those it strikes.
   It affects your intelligence (+4).
   It insulates you from electricity.
   It protects you from negative energy.
   It greatly increases your willpower.
 I - a +5 battleaxe of flaming
 N - a +3 vorpal triple sword (weapon)
Missiles
 f - 3 throwing nets
 p - 3 curare-tipped darts
 S - 7 atropa-tipped darts
Armour
 g - a +0 plate armour
 o - a +0 pair of boots (worn)
 A - a +1 cloak (worn)
 E - +0 acid dragon scales
 G - the +1 chain mail of the Lion (worn) {rPois}
   (You found it on level 8 of the Dungeon)

   It protects you from poison.
 K - a +0 kite shield
 O - a +0 pair of gloves (worn)
Jewellery
 m - a ring of fire
 q - a +4 ring of protection (left hand)
 x - the ring "Gauxkuap" (right hand) {Fly rElec}
   (You found it on level 9 of the Dungeon)

   [ring of flight]

   It insulates you from electricity.
   It grants you flight.
 D - an amulet of reflection (around neck)
 T - a ring of protection from cold
Wands
 z - a wand of iceblast (7)
 J - a wand of digging (16)
 L - a wand of mindburst (11)
 P - a wand of acid (7)
Scrolls
 d - 4 scrolls of enchant armour
 k - a scroll of silence {unknown}
 l - a scroll of acquirement {unknown}
 n - 4 scrolls of teleportation
 y - 2 scrolls of magic mapping {unknown}
 B - 2 scrolls of holy word {unknown}
 C - a scroll of summoning
 F - 2 scrolls of immolation
 H - 3 scrolls of blinking
 Q - 2 scrolls of fear
Potions
 a - a potion of berserk rage {unknown}
 b - 2 potions of might
 e - 4 potions of heal wounds {unknown}
 h - 2 potions of brilliance {unknown}
 i - 2 potions of invisibility {unknown}
 r - 2 potions of mutation {unknown}
 s - a potion of haste
 t - 2 potions of attraction {unknown}
 u - 3 potions of ambrosia
 v - 3 potions of flight
 w - 5 potions of curing
 M - 2 potions of lignification
 R - a potion of resistance


   Skills:
 + Level 11.4 Fighting
 + Level 14.2 Long Blades
 + Level 9.2 Axes
 + Level 12.5 Armour
 + Level 7.0 Dodging
 + Level 2.6 Stealth
 + Level 7.8 Shields


You had 11 spell levels left.
You didn't know any spells.
Your spell library was empty.

Dungeon Overview and Level Annotations

Branches:
Dungeon (13/15)            Temple (0/1) D:4            Lair (0/6) D:11
    Orc (0/2) D:11
 Vaults: D:13-14

Altars:
Ashenzari
Fedhas
Gozag
Kikubaaqudgha
Makhleb
Sif Muna
Trog
Uskayaw
The Shining One

Shops:
D:5 [   D:8 [[:*   D:9 *

Annotations:
D:7 2 transporters


Innate Abilities, Weirdness & Mutations

You have a pair of horns on your head.
You reflexively headbutt those who attack you in melee.


Message History

Trog accepts your kill.
The deep elf archer points at you and mumbles some strange words.
You resist with significant effort.
A vault guard comes into view. It is wielding a +3 long sword.
Your Dodging skill increases to level 7!
The deep elf archer casts a spell at you.
You are confused.
Things that are here:
a +0 glaive; a +0 plate armour; a human corpse You feel a strong urge to attack something.
The deep elf archer casts a spell at you.
You resist with significant effort.
You bump into the metal wall.
You are no longer berserk.
You are exhausted.
You feel as though you will be slow longer.
The deep elf archer shoots an arrow.
The arrow hits you!
The human shoots a bolt.
The bolt hits you but does no damage.
The deep elf archer shoots an arrow.
The arrow hits you!!
Unknown command.
You are too confused!
Unknown command.
You feel better.
The vault guard hits you but does no damage.
You block the vault guard's attack.
The deep elf archer shoots an arrow.
The arrow hits you!
Your two-headed ogre goes berserk!
The vault guard hits you but does no damage.
The deep elf archer points at you and mumbles some strange words.
Your two-headed ogre appears confused.
Unknown command.
You barely miss the vault guard. Your headbutt misses the vault guard.
The deep elf archer shoots an arrow.
The arrow hits your two-headed ogre!
The vault guard hits you but does no damage. x2
The deep elf archer shoots an arrow.
The arrow hits you.
Unknown command.
You hit the vault guard.
The vault guard is lightly wounded.
Your two-headed ogre hits you with a +0 giant club!!
You die...

#...#.. #..####
##..###. #....... ####
#....... #..##
##....... ##
#####≈≈.###....####
#?..#...#≈≈≈.##########
#...'p@).≈≈≈≈.# #......
#...#.O..≈≈≈e.# #......
#.. #####≈≈≈≈.# #......
# #≈≈≈≈.# #......
##≈p≈..####...##
...'.......##...##
...'..............
....'..............
#####≈≈≈..'###.##..


You could see a vault guard, a deep elf archer (repels missiles, ally target)
and a friendly two-headed ogre (summoned, berserk, confused).

Vanquished Creatures
  A vault guard (D:13)
  Josephine (D:12)
  A boulder beetle (D:8)
  A catoblepas (D:13)
  3 centaur warriors
  2 two-headed ogres (D:8)
  A tengu warrior (D:8)
  The ghost of Pooter the Cleaver, a novice MiBe of Trog (D:9)
  2 ugly things (D:8)
  A cyclops (D:13)
  An unseen horror (D:13)
  3 komodo dragons
  4 trolls
  Grinder (D:4)
  2 hornets (D:8)
  2 slime creatures
  A meliai zombie (D:10)
  A vampire (D:12)
  3 wyverns
  4 shadows
  9 yaks
  8 wraiths
  A basilisk (D:11)
  2 steam dragons (D:8)
  7 vampire mosquitoes
  9 acid dragons
  3 water moccasins
  7 orc warriors
  An ice beast (D:6)
  2 swamp drakes (D:11)
  2 sky beasts
  A black bear (D:7)
  A necrophage (D:8)
  2 ogres
  16 centaurs
  2 phantoms (D:6)
  Blork the orc (D:5)
  5 kobold brigands
  4 bullfrogs (D:8)
  A gnoll sergeant (D:12)
  2 wyvern zombies (D:8)
  2 scorpions
  20 killer bees
  3 wights (D:8)
  9 howler monkeys
  A bullfrog skeleton (D:5)
  3 centaur zombies
  8 orc priests
  6 hounds
  3 jellies
  2 gnoll shamans
  2 iguanas (D:5)
  16 orc wizards
  A killer bee zombie (D:8)
  2 howler monkey zombies (D:8)
  3 adders
  14 gnolls
  2 white imps
  3 worms
  5 dart slugs
  35 orcs
  5 endoplasms
  2 giant cockroaches
  6 goblins
  7 hobgoblins
  19 jackals
  2 quokkas (D:1)
  6 ball pythons
  7 bats
  2 frilled lizards
  28 kobolds
  7 rats
353 creatures vanquished.

Vanquished Creatures (collateral kills)
  A hydra (D:8)
  An orc warrior (D:8)
  A wight (D:8)
3 creatures vanquished.

Vanquished Creatures (others)
  A wyvern (D:11)
1 creature vanquished.

Grand Total: 357 creatures vanquished

Notes
Turn   | Place    | Note
-------+----------+-------------------------------------------
     0 | D:1      | robertstho the Minotaur Berserker began the quest for the
                  | Orb.
     0 | D:1      | Reached XP level 1. HP: 19/19 MP: 0/0
    74 | D:1      | Found a faded altar of an unknown god.
   262 | D:1      | Reached XP level 2. HP: 27/27 MP: 1/1
   799 | D:1      | Reached ** piety under Trog
   844 | D:1      | Reached XP level 3. HP: 32/33 MP: 2/2
  1863 | D:2      | Reached XP level 4. HP: 41/41 MP: 3/3
  2115 | D:3      | Reached skill level 5 in Axes
  2204 | D:3      | Reached *** piety under Trog
  2327 | D:3      | Noticed a kobold brigand
  2343 | D:3      | Killed a kobold brigand
  2344 | D:3      | Reached XP level 5. HP: 15/47 MP: 4/4
  2515 | D:3      | Reached skill level 5 in Fighting
  3031 | D:3      | Noticed a wyvern
  3034 | D:3      | Reached XP level 6. HP: 56/56 MP: 5/5
  3039 | D:3      | Killed a wyvern
  3603 | D:4      | Noticed Grinder
  3619 | D:4      | Paralysed by Grinder for 3 turns
  3628 | D:4      | Killed Grinder
  3629 | D:4      | Reached XP level 7. HP: 62/62 MP: 6/6
  4026 | D:4      | Found a staircase to the Ecumenical Temple.
  4044 | D:4      | Reached **** piety under Trog
  4128 | D:4      | Found an ancient bone altar of Kikubaaqudgha.
  4300 | D:5      | Entered Level 5 of the Dungeon
  4438 | D:5      | Found Pewaem's Antique Armour Shoppe.
  4489 | D:5      | Bought an embroidered cloak for 202 gold pieces
  4535 | D:5      | Found a glowing golden altar of the Shining One.
  4543 | D:5      | Identified the +8 falchion of Exquisite Death {venom, rElec
                  | rN+ Will++ Int+4}
  4557 | D:5      | Reached skill level 1 in Stealth
  4565 | D:5      | Noticed Blork the orc
  4566 | D:5      | Reached XP level 8. HP: 33/70 MP: 7/7
  4580 | D:5      | Killed Blork the orc
  4587 | D:5      | Reached skill level 5 in Armour
  4849 | D:5      | Found a broken altar of Ashenzari.
  4850 | D:5      | Found a hide-covered altar of Uskayaw.
  4851 | D:5      | Found a shimmering blue altar of Sif Muna.
  4857 | D:5      | Reached skill level 1 in Long Blades
  4861 | D:5      | Identified Sif Muna's Catalogue of Hexes
  4899 | D:5      | Found a bloodstained altar of Trog.
  4922 | D:5      | Found a blossoming altar of Fedhas.
  5056 | D:5      | Found a burning altar of Makhleb.
  5131 | D:6      | Reached skill level 2 in Long Blades
  5235 | D:6      | Reached skill level 3 in Long Blades
  5235 | D:6      | Reached skill level 5 in Dodging
  5981 | D:7      | Found a transporter.
  6055 | D:7      | Reached skill level 4 in Long Blades
  6055 | D:7      | Reached XP level 9. HP: 72/79 MP: 8/8
  6113 | D:7      | Noticed a kobold demonologist
  6118 | D:7      | Found a transporter.
  6414 | D:7      | Reached skill level 5 in Long Blades
  6921 | D:8      | Found Calaikur's Armour Emporium.
  6927 | D:8      | Found Fiotymn's Book Boutique.
  6982 | D:8      | Reached skill level 6 in Long Blades
  7033 | D:8      | Found Demaatz's General Store.
  7040 | D:8      | Bought a potion of might for 48 gold pieces
  7107 | D:8      | Reached skill level 7 in Long Blades
  7173 | D:8      | Noticed a boulder beetle
  7177 | D:8      | Noticed a centaur warrior
  7191 | D:8      | Killed a boulder beetle
  7192 | D:8      | Reached skill level 8 in Long Blades
  7192 | D:8      | Reached XP level 10. HP: 14/88 MP: 9/9
  7575 | D:8      | Noticed a cyan ugly thing
  7576 | D:8      | Noticed a purple ugly thing
  7586 | D:8      | Killed a cyan ugly thing
  7586 | D:8      | Identified the +7 flail of Foeqikull {flame, Str+3 Int-5
                  | SInv}
  7586 | D:8      | Noticed a tengu warrior
  7593 | D:8      | Killed a purple ugly thing
  7594 | D:8      | Reached skill level 9 in Long Blades
  7610 | D:8      | Killed a tengu warrior
  7654 | D:8      | Reached skill level 10 in Long Blades
  7664 | D:8      | Noticed a six-headed hydra
  7665 | D:8      | Killed a centaur warrior
  7666 | D:8      | Reached skill level 10 in Armour
  7673 | D:8      | Killed a six-headed hydra
  7915 | D:8      | Noticed a two-headed ogre
  7916 | D:8      | Reached skill level 11 in Long Blades
  7916 | D:8      | Reached XP level 11. HP: 97/97 MP: 10/10
  7924 | D:8      | Reached ***** piety under Trog
  7930 | D:8      | Killed a two-headed ogre
  7937 | D:8      | Noticed a centaur warrior
  7943 | D:8      | Killed a centaur warrior
  8161 | D:8      | Identified the +1 chain mail of the Lion {rPois}
  8184 | D:8      | Noticed a two-headed ogre
  8195 | D:8      | Killed a two-headed ogre
  8196 | D:8      | Reached skill level 12 in Long Blades
  8622 | D:8      | Found Muty's Antique Armour Emporium.
  8926 | D:9      | Found Atwus's Island Escapes.
  9001 | D:9      | Reached skill level 10 in Fighting
  9132 | D:9      | Found a runed translucent door.
  9132 | D:9      | Noticed Pooter's ghost (novice MiBe)
  9144 | D:9      | Reached skill level 1 in Shields
  9318 | D:9      | Killed Pooter's ghost
  9609 | D:9      | Reached skill level 13 in Long Blades
  9631 | D:9      | Found an opulent altar of Gozag.
  9658 | D:9      | Identified the ring "Gauxkuap" {Fly rElec}
  9713 | D:9      | Bought a potion of flight for 42 gold pieces
  9713 | D:9      | Bought a scroll of teleportation for 42 gold pieces
  9713 | D:9      | Bought a scroll of blinking for 105 gold pieces
  9713 | D:9      | Bought a scroll of blinking for 105 gold pieces
  9791 | D:9      | Received a gift from Trog
  9943 | D:10     | Entered Level 10 of the Dungeon
 10748 | D:10     | Reached XP level 12. HP: 108/108 MP: 11/11
 11932 | D:11     | Found a staircase to the Lair.
 12237 | D:11     | Found a staircase to the Orcish Mines.
 13259 | D:12     | Reached skill level 5 in Shields
 13269 | D:12     | Noticed Josephine
 13282 | D:12     | Killed Josephine
 13831 | D:12     | Reached skill level 14 in Long Blades
 14097 | D:13     | Noticed a centaur warrior
 14108 | D:13     | Killed a centaur warrior
 14110 | D:13     | Received a gift from Trog
 14769 | D:13     | Noticed a catoblepas
 14773 | D:13     | Killed a catoblepas
 14947 | D:13     | Noticed a vault guard
 14947 | D:13     | Noticed a vault guard
 14961 | D:13     | Killed a vault guard
 14961 | D:13     | Noticed a vault guard
 14969 | D:13     | Slain by a two-headed ogre

Illustrated notes

Levels and vault maps discovered:
D:1:      evilmike_arrival_fibonacci_small, layout_basic,
          shapermc_ecumenical_altar_venn, chequers_jeans, solitary_fountain
D:2:      layout_basic
D:3:      cheibrodos_thug_alley, layout_basic, minmay_divided_ellipse
D:4:      layout_basic, nicolae_kikubaaqudgha_miasma_corner,
          minmay_temple_entry_proselytizer, roderic_lattice_a, uniq_grinder
D:5:      layout_cave_pools, nzn_overflow_gifts_of_might_and_magic,
          kennysheep_mini_moat, lemuel_round_altar,
          gammafunk_temple_overflow_forgotten, serial_shops, nicolae_shop_stone,
          uniq_blork_the_orc
D:6:      layout_cave_pools
D:7:      gammafunk_wand_slinger, layout_loops_corners
D:8:      minmay_the_grid_octo_tiled_octocenter
          [minmay_the_grid_octo_concentric, minmay_the_grid_octo_fat_diamond,
          minmay_the_grid_octo_77, minmay_the_grid_octo_clover_2,
          minmay_the_grid_octo_prize_star, minmay_the_grid_square_5x5_six,
          minmay_the_grid_square_5x5_lines, minmay_the_grid_square_5x5_moneybag,
          minmay_the_grid_square_5x5_inner_i], layout_rooms, serial_shops,
          nicolae_shop_temple_entry_statues_fountains, shop, shop_fountains,
          shop, minivault_5
D:9:      layout_long_grid, kennysheep_little_box,
          ebering_ghost_reflecting_pool, nicolae_island_escapes
D:10:     layout_basic
D:11:     layout_loops_ring, erik_lair_dragon, erik_orc_1
D:12:     layout_gridville, hangedman_abyss_or_decor_slice, uniq_josephine
D:13:     layout_gridville, grunt_vaults_entry_fortified

Skill      XL: |  1  2  3  4  5  6  7  8  9 10 11 12 |
---------------+-------------------------------------+-----
Axes           | 4 5 6 7 8 9 |  9.2
Fighting       | 4 5 6 7 9 10 11 | 11.4
Armour         | 3 4 6 8 10 11 12 | 12.5
Dodging        | 3 4 5 6 7 |  7.0
Stealth        | 1 2 |  2.6
Long Blades    | 4 8 11 13 14 | 14.2
Shields        | 2 7 |  7.8

Action                   |  1- 3 |  4- 6 |  7- 9 | 10-12 || total
-------------------------+-------+-------+-------+-------++-------
Melee: War axe           |    73 |   111 |    50 |       ||   234
       Headbutt          |     8 |    21 |    38 |   164 ||   231
       Falchion          |       |       |   150 |   626 ||   776
       Triple sword      |       |       |       |    14 ||    14
Invok: Berserk           |     2 |     4 |     4 |     9 ||    19
       Trog's Hand       |       |       |     2 |       ||     2
       Brothers in Arms  |       |       |       |     2 ||     2
  Use: Scroll            |       |       |     6 |     8 ||    14
       Potion            |       |       |       |     3 ||     3
 Stab: Sleeping          |     1 |       |       |       ||     1
       Confused          |       |       |       |     2 ||     2
       Distracted        |       |       |       |     1 ||     1
Armor: Animal skin       |    13 |     1 |       |       ||    14
       Ring mail         |       |    47 |       |       ||    47
       Scale mail        |       |       |   109 |       ||   109
       Chain mail        |       |       |    47 |   257 ||   304
       Plate armour      |       |       |       |    67 ||    67
Dodge: Dodged            |    49 |    77 |   148 |   214 ||   488
Block: Other             |       |       |       |    40 ||    40
       Kite shield       |       |       |       |   283 ||   283
       Reflection        |       |       |       |    12 ||    12
       Rpst.: Falchion   |       |       |    33 |    41 ||    74
       Triple sword      |       |       |       |     3 ||     3

Table legend: (Time is in decaauts)
 A = Elapsed time spent in this place.
 B = Non-inter-level travel time spent in this place.
 C = Inter-level travel time spent in this place.
 D = Time resting spent in this place.
 E = Time spent auto-exploring this place.
 F = Levels seen in this place.
 G = Mean time per level.
                   A        B        C        D        E       F      G
               +--------+--------+--------+--------+--------+-----+--------+
         Total |  15084 |  14427 |    657 |    994 |  11152 |  13 | 1160.3 |
       Dungeon |  15084 |  14427 |    657 |    994 |  11152 |  13 | 1160.3 |
               +--------+--------+--------+--------+--------+-----+--------+

Top non-repeatable levels by time:
    D:11: 1699 daAuts
     D:8: 1617 daAuts
     D:3: 1497 daAuts
     D:7: 1400 daAuts
    D:12: 1345 daAuts
     D:1: 1170 daAuts
    D:10: 1113 daAuts
     D:9: 1036 daAuts
     D:2: 972 daAuts
     D:5: 963 daAuts
    D:13: 870 daAuts
     D:4: 781 daAuts
     D:6: 616 daAuts
